 Dungeon Crawl Stone Soup version 0.28-a0-1524-ge72afd5fc6 (webtiles) character file.

Game seed: 11915224791458087269

607 gimp the Shooter (level 7, 0/51 HPs)
             Began as a Djinni Wanderer on Jan 18, 2022.
             Was an Initiate of Makhleb.
             Shot with an arrow by a centaur (5 damage)
             ... on level 5 of the Dungeon.
             The game lasted 00:07:28 (3917 turns).

gimp the Shooter (Djinni Wanderer)                  Turns: 3917, Time: 00:07:29

Health: 0/51       AC:  3    Str: 11    XL:     7   Next: 71%
Gold:   231        EV: 11    Int: 15    God:    Makhleb [......] SH:  0 Dex: 19

rFire   + + .      SeeInvis .   a - +2 shortbow
rCold   x . .      Faith    .   (shield currently unavailable)
rNeg    . . .      Spirit   .   d - +0 robe
rPois   ∞          Reflect  .   (no helmet)
rElec   .          Harm     .   (no cloak)
rCorr   +          Rampage  .   t - +0 pair of gloves
Will    .....                   (boots unavailable)
Stlth   ++........              e - amulet of regeneration
HPRegen 0.97/turn               i - ring of resist corrosion
MPRegen 0.00/turn               m - +6 ring of dexterity

@: flying
A: sickness immunity, fire resistance 2, cold vulnerability 1, float, innate
caster, hp casting, extra vitality 1
a: Renounce Religion


You were on level 5 of the Dungeon.
You worshipped Makhleb.
Makhleb was noncommittal.
You visited 2 branches of the dungeon, and saw 6 of its levels.

You collected 231 gold pieces.

Inventory:

Hand Weapons
 a - a +2 shortbow (weapon)
 b - a +0 dagger of venom
Missiles
 k - a throwing net
 o - 52 arrows (quivered ammo)
 r - 3 curare-tipped darts
Armour
 d - a +0 robe (worn)
 t - a +0 pair of gloves (worn)
Jewellery
 e - an amulet of regeneration (around neck)
 i - a ring of resist corrosion (left hand)
 m - a +6 ring of dexterity (right hand)
 p - a ring of protection from fire
Wands
 j - a wand of iceblast (6)
Scrolls
 g - 3 scrolls of teleportation {unknown}
 q - a scroll of identify {unknown}
 u - a scroll of fear {unknown}
 v - a scroll of amnesia {unknown}
Potions
 f - a potion of heal wounds {unknown}
 h - a potion of cancellation {unknown}
 l - 2 potions of flight {unknown}
 n - 2 potions of magic {unknown}
 s - a potion of lignification {unknown}


   Skills:
 + Level 3.8 Fighting
 * Level 4.9 Bows
 - Level 1.0 Armour
 + Level 3.6 Spellcasting
 - Level 3.0 Evocations


You had 3 spell levels left.
You knew the following spells:

 Your Spells              Type           Power      Damage    Failure   Level
a - Vampiric Draining     Necr           13%        2d6       12%         3
b - Animate Skeleton      Necr           26%        N/A       4%          1
c - Sting                 Tmut/Pois      52%        1d5       4%          1
d - Call Imp              Summ           13%        N/A       6%          2
e - Stone Arrow           Conj/Erth      26%        3d8       12%         3

Your spell library contained the following spells:

 Spells                   Type           Power      Damage    Failure   Level


Dungeon Overview and Level Annotations

Branches:
Dungeon (5/15)             Temple (1/1) D:4

Altars:
Ashenzari
Dithmenos
Fedhas
Makhleb
Okawaru
Ru
Uskayaw
Vehumet
Wu Jian
Xom
Lugonu

Shops:
D:3 :

Annotations:
D:3 2 transporters, hgbash's ghost, amateur OpEE


Innate Abilities, Weirdness & Mutations

You are immune to sickness and miasma.
You are immune to poison.
Your flesh is very heat resistant. (rF++)
You are vulnerable to cold. (rC-)
You float through the air rather than walking.
You learn spells naturally, not from books.
Your magical power is your life essence.
You have superior vitality. (+4 MHP)


Message History

You fly upwards.
There is a stone staircase leading down here.
You regained 3 hp, and now have 17/51 hp.
You start resting.
HP restored.
Health restored: 51 You fly downwards.
The centaur shoots an arrow.
The arrow hits you!
The centaur shoots an arrow.
The arrow hits you.
There is a stone staircase leading up here.
You take 12 damage, and have 39/51 hp.
MASSIVE DAMAGE!!
You shoot an arrow. The arrow hits the centaur!
The centaur is heavily wounded.
The centaur shoots an arrow.
The arrow misses you.
The centaur shoots an arrow.
The arrow misses you.
You shoot an arrow. The arrow hits the centaur!
The centaur is almost dead.
The centaur shoots an arrow.
The arrow hits you!
You take 14 damage, and have 26/51 hp.
MASSIVE DAMAGE!!
You shoot an arrow. The arrow barely misses the centaur.
The centaur shoots an arrow.
The arrow hits you!
* * * LOW HITPOINT WARNING * * *
The centaur shoots an arrow.
The arrow hits you.
* * * LOW HITPOINT WARNING * * *
You take 17 damage, and have 9/51 hp.
MASSIVE DAMAGE!!
You are too injured to fight recklessly!
Fire: 54 arrows
Press: ? - help, Q - select action, (/) - cycle Shift-Dir - straight line, f/p - centaur
Aim: a centaur, wielding a +0 shortbow and quivering arrows (severely wounded, 76% to hit)
You shoot an arrow. The arrow hits the centaur.
The centaur is almost dead.
The centaur shoots an arrow.
The arrow hits you.
* * * LOW HITPOINT WARNING * * *
The centaur shoots an arrow.
The arrow completely misses you.
You take 5 damage, and have 4/51 hp.
Fire: 53 arrows
Press: ? - help, Q - select action, (/) - cycle Shift-Dir - straight line, f/p - centaur
Aim: a centaur, wielding a +0 shortbow and quivering arrows (almost dead, 76% to hit)
You shoot an arrow. The arrow barely misses the centaur.
The centaur shoots an arrow.
The arrow hits you.
You die...

.#.#
####(#!#
#......#
#!.c(..#
.......#
#.....#
#.###.....#
#....@..#
#.#######


You could see a centaur.

Vanquished Creatures
  An ice beast (D:5)
  A necrophage (D:4)
  A centaur (D:3)
  2 scorpions (D:4)
  A bullfrog zombie (D:5)
  A centaur skeleton (D:5)
  2 iguanas (D:4)
  A howler monkey skeleton (D:4)
  2 adders (D:3)
  A worm (D:3)
  4 dart slugs
  7 orcs
  7 endoplasms
  3 giant cockroaches
  8 goblins
  11 hobgoblins
  5 quokkas
  A ball python (D:1)
  11 bats
  4 frilled lizards
  3 kobolds
  6 rats
83 creatures vanquished.

Vanquished Creatures (others)
  A plant (D:4)
1 creature vanquished.

Grand Total: 84 creatures vanquished

Notes
Turn   | Place    | Note
-------+----------+-------------------------------------------
     0 | D:1      | gimp the Djinni Wanderer began the quest for the Orb.
     0 | D:1      | Reached XP level 1. HP: 17/17 MP: 0/0
   247 | D:1      | Found a faded altar of an unknown god.
   283 | D:1      | Reached skill level 2 in Bows
   283 | D:1      | Reached XP level 2. HP: 22/22 MP: 0/0
   715 | D:1      | Reached XP level 3. HP: 27/27 MP: 0/0
   715 | D:1      | Learned a level 1 spell: Sting
  1781 | D:2      | Reached XP level 4. HP: 32/33 MP: 0/0
  1906 | D:3      | Noticed hgbash's ghost (amateur OpEE)
  1907 | D:3      | Found a transporter.
  1911 | D:3      | Noticed an ogre
  1912 | D:3      | Noticed an ogre
  1914 | D:3      | Found a transporter.
  1929 | D:3      | Noticed an ogre
  2046 | D:3      | Reached skill level 3 in Bows
  2110 | D:3      | Found Ontoyn's Book Shoppe.
  2387 | D:3      | Reached XP level 5. HP: 38/38 MP: 0/0
  2387 | D:3      | Learned a level 2 spell: Call Imp
  2388 | D:3      | Noticed a centaur
  2393 | D:3      | Killed a centaur
  2924 | D:4      | Reached XP level 6. HP: 45/45 MP: 0/0
  2951 | D:4      | Reached skill level 4 in Bows
  3098 | D:4      | Found a staircase to the Ecumenical Temple.
  3109 | Temple   | Entered the Ecumenical Temple
  3132 | Temple   | Became a worshipper of Makhleb the Destroyer
  3183 | D:4      | Noticed a necrophage
  3200 | D:4      | Killed a necrophage
  3201 | D:4      | Reached XP level 7. HP: 40/50 MP: 0/0
  3201 | D:4      | Learned a level 3 spell: Stone Arrow
  3476 | D:4      | Found a broken altar of Ashenzari.
  3480 | D:4      | Saw a vision of the Swamp and the Spider Nest.
  3480 | D:4      | Noticed a hornet
  3480 | D:4      | Noticed an alligator
  3481 | D:4      | Noticed a vampire mosquito
  3481 | D:4      | Noticed a vampire mosquito
  3482 | D:4      | Noticed a vampire mosquito
  3483 | D:4      | Noticed a vampire mosquito
  3641 | D:5      | Entered Level 5 of the Dungeon
  3917 | D:5      | Shot with an arrow by a centaur

Illustrated notes

Levels and vault maps discovered:
D:1:      dpeg_arrival_long_road, layout_basic,
          chequers_ecumenical_altar_island, columned_hall_lemuel
D:2:      layout_basic
D:3:      layout_basic, serial_shops, shop, gammafunk_ghost_smash,
          minmay_surrounded
D:4:      layout_basic, grunt_ashenzari_visionary
          [grunt_ashenzari_visionary_swamp, grunt_ashenzari_visionary_spider],
          marbit_many_paths, temple_pool_b, serial_park_tiny_1
D:5:      layout_loops_ring, uniq_ijyb
Temple:   corrupted_temple

Skill      XL: |  1  2  3  4  5  6 |
---------------+-------------------+-----
Bows           | 2 3 4 |  4.9
Fighting       | 2 3 |  3.8
Spellcasting   | 3 |  3.6
Armour         | |  1.0
Evocations     | |  3.0

Action                   |  1- 3 |  4- 6 |  7- 9 || total
-------------------------+-------+-------+-------++-------
Melee: Dagger            |       |    30 |       ||    30
 Fire: Shortbow          |   100 |   139 |    43 ||   282
Evoke: Wand              |       |       |     3 ||     3
Armor: Robe              |    16 |     9 |       ||    25
Dodge: Dodged            |    29 |    46 |    16 ||    91

Table legend: (Time is in decaauts)
 A = Elapsed time spent in this place.
 B = Non-inter-level travel time spent in this place.
 C = Inter-level travel time spent in this place.
 D = Time resting spent in this place.
 E = Time spent auto-exploring this place.
 F = Levels seen in this place.
 G = Mean time per level.
                   A        B        C        D        E       F      G
               +--------+--------+--------+--------+--------+-----+--------+
         Total |   3955 |   3720 |    235 |     35 |   2832 |   6 |  659.2 |
       Dungeon |   3909 |   3687 |    222 |     35 |   2818 |   5 |  781.8 |
        Temple |     46 |     33 |     13 |      0 |     14 |   1 |   46.0 |
               +--------+--------+--------+--------+--------+-----+--------+

Top non-repeatable levels by time:
     D:1: 1100 daAuts
     D:3: 1008 daAuts
     D:2: 802 daAuts
     D:4: 801 daAuts
     D:5: 196 daAuts
  Temple: 46 daAuts
